[ AOE2 MATCH · #475228077 ]
UnrankedKoreans vs Berbers
Player's team · LOSS
[ REPLAY ANALYSIS · EXTRACTED FROM THE RECORDED GAME ]
Feudal
14:06
Castle
20:57
Imperial
35:13
| APM avg | 37.5 |
| APM peak | 67 |
| eAPM avg | 21.9 |
| Villagers / military | 93 / 136 |
Focus
⚔️ 22.3% · 🌾 77.7%
Spearman ×59 · Skirmisher ×50 · Fishing Ship ×17 · War Wagon ×15 · Trebuchet (Packed) ×7 · Monk ×2
Feudal
12:21
Castle
15:51
Imperial
37:42
| APM avg | 41.0 |
| APM peak | 79 |
| eAPM avg | 23.3 |
| Villagers / military | 172 / 151 |
Focus
⚔️ 31.8% · 🌾 68.2%
Mangudai ×83 · Scout Cavalry ×51 · Trebuchet (Packed) ×8 · Mangonel ×7 · Fishing Ship ×5 · Monk ×2
Feudal
13:24
Castle
17:19
Imperial
36:29
| APM avg | 49.6 |
| APM peak | 89 |
| eAPM avg | 23.0 |
| Villagers / military | 174 / 134 |
Focus
⚔️ 28.2% · 🌾 71.8%
Knight ×87 · Camel Archer ×22 · Skirmisher ×12 · Trebuchet (Packed) ×8 · Fishing Ship ×6 · Battering Ram ×4
Feudal
16:12
Castle
20:10
Imperial
—
| APM avg | 42.1 |
| APM peak | 72 |
| eAPM avg | 29.1 |
| Villagers / military | 177 / 34 |
Focus
⚔️ 27.3% · 🌾 72.7%
Fishing Ship ×31 · Battering Ram ×17 · Unknown (1962) ×17 · Archer ×7 · Galley ×6 · Unknown (2626) ×3
Feudal
14:41
Castle
20:08
Imperial
41:49
| APM avg | 32.3 |
| APM peak | 57 |
| eAPM avg | 18.3 |
| Villagers / military | 125 / 170 |
Focus
⚔️ 27.1% · 🌾 72.9%
Knight ×93 · Scout Cavalry ×48 · Fishing Ship ×19 · Magyar Huszar ×15 · Galley ×14
Feudal
14:20
Castle
23:48
Imperial
—
| APM avg | 35.0 |
| APM peak | 78 |
| eAPM avg | 16.2 |
| Villagers / military | 76 / 92 |
Focus
⚔️ 32.8% · 🌾 67.2%
Fire Lancer ×45 · Spearman ×29 · Galley ×12 · Fishing Ship ×7 · Battering Ram ×4 · Scorpion ×1
Feudal
13:33
Castle
17:55
Imperial
36:58
| APM avg | 19.6 |
| APM peak | 51 |
| eAPM avg | 10.9 |
| Villagers / military | 97 / 31 |
Focus
⚔️ 27.3% · 🌾 72.7%
Fishing Ship ×24 · Mangonel ×10 · Galley ×8 · Genoese Crossbowman ×7 · Trebuchet (Packed) ×6
Feudal
15:10
Castle
18:46
Imperial
38:00
| APM avg | 32.1 |
| APM peak | 62 |
| eAPM avg | 17.2 |
| Villagers / military | 183 / 95 |
Focus
⚔️ 27.1% · 🌾 72.9%
War Elephant ×67 · Knight ×15 · Fishing Ship ×10 · Battering Ram ×5 · Mangonel ×4 · Scout Cavalry ×4
Match map
Initial resources + every placement click. Lines = walls · curves = elevation contours. ◆ gold · ⬟ stone · ● berries · ✦ relic · ◌ wall gap
Your base· Open — unwalled flank
D==D.Trooper's base· Open — 9t gap
| ArCas | ArepaPower's base· Open — unwalled flank
edengr7's base· Open — unwalled flank
DKT | Juan Manco II's base· Open — 13t gap
Twice In A Legal Minute's base· Open — unwalled flank
iann254's base· Open — unwalled flank
nickneime's base· Open — unwalled flank
Smoothed initial terrain · ◌ = detected wall gap · hover for details
Inputs per minute
— Biedersauce - - D==D.Trooper
Build order — Biedersauce
First 150 of 293 actions detected
| 0:12 | Build | Town Center |
| 1:15 | Build | Dock |
| 1:20 | Build | House |
| 1:23 | Build | House |
| 2:48 | Create | Villager (Male) |
| 2:48 | Create | Villager (Male) |
| 2:49 | Create | Villager (Male) |
| 3:41 | Create | Villager (Male) |
| 3:51 | Research | Loom |
| 3:54 | Create | Villager (Male) |
| 4:19 | Create | Fishing Ship |
| 4:51 | Create | Villager (Male) |
| 5:25 | Create | Fishing Ship |
| 5:38 | Create | Villager (Male) |
| 6:01 | Create | Fishing Ship |
| 6:08 | Create | Villager (Male) |
| 6:08 | Create | Villager (Male) |
| 6:09 | Create | Villager (Male) |
| 6:28 | Create | Villager (Male) |
| 6:41 | Build | House |
| 6:55 | Create | Villager (Male) |
| 7:22 | Create | Villager (Male) |
| 7:23 | Create | Fishing Ship |
| 7:48 | Create | Villager (Male) |
| 8:13 | Build | House |
| 8:31 | Create | Villager (Male) |
| 8:33 | Create | Fishing Ship |
| 8:45 | Build | House |
| 8:50 | Create | Villager (Male) |
| 9:21 | Build | Palisade Wall |
| 9:23 | Create | Villager (Male) |
| 9:49 | Create | Villager (Male) |
| 9:50 | Create | Fishing Ship |
| 10:01 | Build | House |
| 10:30 | Build | Outpost |
| 10:32 | Create | Villager (Male) |
| 11:01 | Create | Villager (Male) |
| 11:16 | Build | Mining Camp |
| 11:29 | Build | Outpost |
| 11:31 | Create | Villager (Male) |
| 11:54 | Research | Feudal Age |
| 12:13 | Create | Villager (Male) |
| 12:15 | Create | Fishing Ship |
| 12:43 | Build | Outpost |
| 12:49 | Build | House |
| 12:55 | Create | Villager (Male) |
| 13:04 | Build | Mill |
| 13:26 | Build | Mining Camp |
| 13:39 | Build | Palisade Wall |
| 13:51 | Build | House |
| 13:53 | Build | House |
| 14:01 | Build | Palisade Wall |
| 14:06 | Age | Feudal Age |
| 14:12 | Build | Watch Tower |
| 14:15 | Create | Villager (Male) |
| 14:28 | Create | Fishing Ship |
| 14:51 | Build | Watch Tower |
| 14:58 | Create | Villager (Male) |
| 15:19 | Create | Villager (Male) |
| 15:36 | Build | House |
| 15:36 | Build | House |
| 15:45 | Build | Lumber Camp |
| 15:50 | Create | Villager (Male) |
| 16:08 | Create | Villager (Male) |
| 16:13 | Build | Blacksmith |
| 16:38 | Research | Double-Bit Axe |
| 17:03 | Build | House |
| 17:06 | Create | Villager (Male) |
| 17:07 | Create | Villager (Male) |
| 17:31 | Build | Market |
| 17:58 | Build | Barracks |
| 18:12 | Build | House |
| 18:17 | Research | Castle Age |
| 18:29 | Build | House |
| 18:34 | Build | House |
| 18:35 | Build | House |
| 18:50 | Build | Palisade Wall |
| 18:55 | Build | Palisade Wall |
| 19:01 | Create | Villager (Male) |
| 19:02 | Create | Villager (Male) |
| 19:16 | Create | Villager (Male) |
| 19:23 | Create | Spearman |
| 19:23 | Create | Spearman |
| 19:35 | Build | Dock |
| 19:38 | Build | House |
| 19:39 | Build | House |
| 19:45 | Create | Spearman |
| 19:59 | Create | Spearman |
| 20:18 | Create | Villager (Male) |
| 20:29 | Create | Spearman |
| 20:54 | Create | Villager (Male) |
| 20:57 | Age | Castle Age |
| 21:31 | Create | Spearman |
| 21:31 | Create | Spearman |
| 21:56 | Build | Castle |
| 22:07 | Create | Villager (Male) |
| 22:07 | Create | Villager (Male) |
| 22:14 | Research | Squires |
| 22:39 | Create | Spearman |
| 22:39 | Create | Spearman |
| 22:41 | Research | Scale Mail Armor |
| 23:24 | Create | Spearman |
| 23:25 | Create | Spearman |
| 23:25 | Create | Spearman |
| 23:27 | Create | War Wagon |
| 23:27 | Create | War Wagon |
| 23:38 | Create | Fishing Ship |
| 23:38 | Create | Fishing Ship |
| 23:38 | Create | Fishing Ship |
| 23:44 | Build | Dock |
| 23:48 | Build | Dock |
| 23:55 | Research | Tech 906 |
| 23:56 | Create | Fishing Ship |
| 23:56 | Create | Fishing Ship |
| 24:04 | Create | Villager (Male) |
| 24:04 | Create | Villager (Male) |
| 24:04 | Create | Villager (Male) |
| 24:21 | Build | Monastery |
| 24:33 | Create | War Wagon |
| 24:33 | Create | War Wagon |
| 24:42 | Research | Gold Mining |
| 24:42 | Research | Gold Mining |
| 24:42 | Research | Gold Mining |
| 25:04 | Build | Siege Workshop |
| 25:07 | Create | Villager (Male) |
| 25:07 | Create | Villager (Male) |
| 25:26 | Create | Fishing Ship |
| 25:26 | Create | Fishing Ship |
| 25:36 | Build | House |
| 25:37 | Build | House |
| 25:38 | Build | House |
| 26:00 | Create | Monk |
| 26:04 | Create | Villager (Male) |
| 26:04 | Create | Villager (Male) |
| 26:32 | Create | Villager (Male) |
| 26:32 | Create | Villager (Male) |
| 26:45 | Create | Villager (Male) |
| 26:54 | Build | Town Center |
| 27:30 | Research | Wheelbarrow |
| 27:48 | Create | Battering Ram |
| 27:49 | Create | Battering Ram |
| 27:52 | Create | Villager (Male) |
| 27:53 | Create | Villager (Male) |
| 28:09 | Build | Mining Camp |
| 28:26 | Create | Villager (Male) |
| 28:26 | Create | Villager (Male) |
| 28:32 | Create | Monk |
| 28:43 | Build | Mining Camp |
| 28:51 | Create | Villager (Male) |
| 28:58 | Build | Farm |
Build order — D==D.Trooper
First 150 of 484 actions detected
| 0:03 | Build | Town Center |
| 0:59 | Build | Dock |
| 1:05 | Build | House |
| 2:24 | Create | Villager (Male) |
| 2:24 | Create | Villager (Male) |
| 2:25 | Create | Villager (Male) |
| 2:25 | Create | Villager (Male) |
| 2:25 | Create | Villager (Male) |
| 3:27 | Create | Fishing Ship |
| 3:35 | Create | Villager (Male) |
| 3:35 | Create | Villager (Male) |
| 3:52 | Build | House |
| 4:44 | Create | Villager (Male) |
| 4:44 | Create | Villager (Male) |
| 5:04 | Create | Villager (Male) |
| 5:06 | Create | Fishing Ship |
| 5:33 | Create | Villager (Male) |
| 5:45 | Create | Villager (Male) |
| 5:46 | Create | Villager (Male) |
| 5:46 | Create | Villager (Male) |
| 5:50 | Build | House |
| 6:06 | Build | House |
| 6:09 | Build | House |
| 6:21 | Create | Fishing Ship |
| 6:27 | Build | Palisade Wall |
| 6:37 | Create | Villager (Male) |
| 6:37 | Create | Villager (Male) |
| 6:39 | Create | Villager (Male) |
| 6:39 | Create | Villager (Male) |
| 7:03 | Build | House |
| 7:17 | Create | Villager (Male) |
| 7:18 | Create | Villager (Male) |
| 7:33 | Build | House |
| 7:41 | Create | Fishing Ship |
| 8:10 | Build | House |
| 8:23 | Build | Mining Camp |
| 8:27 | Create | Villager (Male) |
| 8:32 | Build | House |
| 8:50 | Build | House |
| 8:56 | Create | Villager (Male) |
| 9:02 | Build | Mill |
| 9:20 | Create | Villager (Male) |
| 9:32 | Research | Loom |
| 9:53 | Create | Fishing Ship |
| 10:03 | Research | Feudal Age |
| 10:39 | Build | House |
| 10:50 | Create | Villager (Male) |
| 12:08 | Build | Mining Camp |
| 12:21 | Age | Feudal Age |
| 12:21 | Create | Villager (Male) |
| 12:22 | Create | Villager (Male) |
| 12:25 | Build | Market |
| 12:27 | Build | Blacksmith |
| 12:41 | Build | House |
| 12:59 | Create | Villager (Male) |
| 13:10 | Research | Castle Age |
| 13:35 | Build | Mining Camp |
| 14:46 | Create | Villager (Male) |
| 14:47 | Create | Villager (Male) |
| 14:58 | Build | Lumber Camp |
| 15:14 | Build | House |
| 15:51 | Age | Castle Age |
| 15:52 | Build | Town Center |
| 15:57 | Research | Double-Bit Axe |
| 16:22 | Build | Town Center |
| 16:36 | Create | Villager (Male) |
| 16:37 | Create | Villager (Male) |
| 16:46 | Research | Bow Saw |
| 17:08 | Create | Villager (Male) |
| 17:08 | Create | Villager (Male) |
| 17:09 | Create | Villager (Male) |
| 17:39 | Create | Villager (Male) |
| 17:40 | Create | Villager (Male) |
| 17:42 | Create | Villager (Male) |
| 17:57 | Create | Villager (Male) |
| 18:00 | Create | Villager (Male) |
| 18:05 | Research | Horse Collar |
| 18:43 | Create | Villager (Male) |
| 18:44 | Create | Villager (Male) |
| 18:45 | Create | Villager (Male) |
| 19:03 | Create | Villager (Male) |
| 19:04 | Create | Villager (Male) |
| 19:06 | Create | Villager (Male) |
| 19:06 | Create | Villager (Male) |
| 19:07 | Create | Villager (Male) |
| 19:26 | Create | Villager (Male) |
| 19:41 | Build | House |
| 19:45 | Build | House |
| 19:52 | Build | House |
| 19:55 | Build | House |
| 20:07 | Create | Villager (Male) |
| 20:08 | Create | Villager (Male) |
| 20:08 | Create | Villager (Male) |
| 20:09 | Create | Villager (Male) |
| 20:09 | Create | Villager (Male) |
| 20:11 | Build | Farm |
| 20:12 | Build | Farm |
| 20:15 | Build | Farm |
| 20:17 | Build | Farm |
| 20:20 | Build | Farm |
| 20:23 | Build | Farm |
| 20:26 | Build | Farm |
| 20:26 | Create | Villager (Male) |
| 20:27 | Create | Villager (Male) |
| 20:27 | Create | Villager (Male) |
| 20:31 | Build | Farm |
| 20:32 | Create | Villager (Male) |
| 20:33 | Create | Villager (Male) |
| 20:42 | Build | Farm |
| 20:43 | Build | Farm |
| 20:51 | Build | Farm |
| 20:53 | Build | Farm |
| 20:54 | Build | Farm |
| 20:55 | Build | Farm |
| 20:57 | Create | Villager (Male) |
| 20:57 | Create | Villager (Male) |
| 21:02 | Build | Town Center |
| 21:14 | Build | Farm |
| 21:20 | Build | Farm |
| 21:22 | Build | Farm |
| 21:23 | Build | Farm |
| 21:24 | Build | Farm |
| 21:34 | Build | Farm |
| 21:39 | Research | Wheelbarrow |
| 21:39 | Create | Villager (Male) |
| 21:39 | Create | Villager (Male) |
| 21:46 | Create | Villager (Male) |
| 21:46 | Create | Villager (Male) |
| 21:56 | Create | Villager (Male) |
| 21:56 | Create | Villager (Male) |
| 21:56 | Create | Villager (Male) |
| 22:04 | Build | University |
| 22:06 | Create | Villager (Male) |
| 22:07 | Create | Villager (Male) |
| 22:07 | Create | Villager (Male) |
| 22:34 | Create | Villager (Male) |
| 22:35 | Create | Villager (Male) |
| 22:35 | Create | Villager (Male) |
| 22:35 | Create | Villager (Male) |
| 22:41 | Research | Heavy Plow |
| 22:44 | Create | Villager (Male) |
| 22:44 | Create | Villager (Male) |
| 22:46 | Create | Villager (Male) |
| 22:49 | Build | Mining Camp |
| 22:59 | Build | Farm |
| 22:59 | Build | Farm |
| 22:59 | Build | Farm |
| 23:00 | Build | Farm |
| 23:02 | Build | Farm |
| 23:09 | Create | Villager (Male) |
Build order — | ArCas | ArepaPower
First 150 of 490 actions detected
| 0:28 | Build | Town Center |
| 1:39 | Build | Dock |
| 2:28 | Build | House |
| 2:46 | Create | Villager (Male) |
| 2:47 | Create | Villager (Male) |
| 2:47 | Create | Villager (Male) |
| 2:47 | Create | Villager (Male) |
| 4:08 | Create | Fishing Ship |
| 4:17 | Create | Villager (Male) |
| 4:44 | Create | Villager (Male) |
| 5:11 | Research | Loom |
| 5:19 | Build | House |
| 5:37 | Create | Villager (Male) |
| 5:59 | Create | Villager (Male) |
| 6:05 | Build | House |
| 6:12 | Create | Villager (Male) |
| 6:42 | Create | Villager (Male) |
| 7:13 | Create | Villager (Male) |
| 7:14 | Create | Villager (Male) |
| 7:19 | Create | Villager (Male) |
| 7:27 | Create | Fishing Ship |
| 7:27 | Create | Fishing Ship |
| 7:40 | Build | House |
| 8:17 | Create | Fishing Ship |
| 8:23 | Build | House |
| 8:30 | Create | Villager (Male) |
| 8:59 | Build | Mill |
| 9:02 | Create | Villager (Male) |
| 9:13 | Create | Villager (Male) |
| 9:32 | Create | Villager (Male) |
| 9:34 | Create | Fishing Ship |
| 9:50 | Create | Fishing Ship |
| 9:53 | Build | House |
| 10:21 | Create | Villager (Male) |
| 10:36 | Build | Mining Camp |
| 10:38 | Create | Villager (Male) |
| 11:12 | Research | Feudal Age |
| 12:33 | Build | Lumber Camp |
| 12:39 | Create | Villager (Male) |
| 13:24 | Age | Feudal Age |
| 13:34 | Build | Market |
| 13:39 | Build | Blacksmith |
| 13:47 | Create | Villager (Male) |
| 14:07 | Create | Villager (Male) |
| 14:23 | Build | Outpost |
| 14:37 | Research | Castle Age |
| 14:40 | Create | Villager (Male) |
| 15:26 | Build | Mining Camp |
| 15:36 | Research | Gold Mining |
| 16:18 | Build | House |
| 16:32 | Research | Fletching |
| 16:58 | Research | Double-Bit Axe |
| 16:59 | Research | Horse Collar |
| 17:10 | Build | Palisade Wall |
| 17:12 | Build | Palisade Wall |
| 17:19 | Age | Castle Age |
| 17:33 | Create | Villager (Male) |
| 17:52 | Build | Outpost |
| 17:55 | Build | Outpost |
| 18:03 | Research | Bodkin Arrow |
| 18:05 | Research | Padded Archer Armor |
| 18:06 | Create | Villager (Male) |
| 18:38 | Build | Castle |
| 18:39 | Create | Villager (Male) |
| 18:48 | Create | Villager (Male) |
| 19:01 | Build | Outpost |
| 19:19 | Create | Villager (Male) |
| 19:24 | Create | Villager (Male) |
| 19:31 | Build | Farm |
| 19:32 | Build | Farm |
| 19:33 | Build | Farm |
| 19:35 | Create | Villager (Male) |
| 19:44 | Build | House |
| 19:45 | Build | House |
| 20:04 | Build | Farm |
| 20:27 | Create | Villager (Male) |
| 20:42 | Create | Villager (Male) |
| 20:50 | Build | Town Center |
| 20:51 | Create | Villager (Male) |
| 21:01 | Create | Camel Archer |
| 21:02 | Create | Camel Archer |
| 21:02 | Create | Camel Archer |
| 21:05 | Create | Villager (Male) |
| 21:10 | Build | Farm |
| 21:12 | Build | Farm |
| 21:14 | Create | Villager (Male) |
| 21:29 | Research | Town Watch |
| 21:37 | Create | Villager (Male) |
| 21:47 | Create | Villager (Male) |
| 21:50 | Research | Town Watch |
| 21:52 | Create | Camel Archer |
| 22:02 | Create | Villager (Male) |
| 22:24 | Build | Siege Workshop |
| 22:27 | Create | Villager (Male) |
| 22:53 | Create | Villager (Male) |
| 22:56 | Research | Wheelbarrow |
| 22:59 | Create | Camel Archer |
| 22:59 | Create | Camel Archer |
| 23:06 | Create | Villager (Male) |
| 23:19 | Create | Battering Ram |
| 23:40 | Create | Villager (Male) |
| 23:47 | Build | Farm |
| 23:47 | Build | Farm |
| 23:47 | Build | Farm |
| 23:48 | Build | Farm |
| 23:48 | Build | Farm |
| 23:48 | Build | Farm |
| 23:50 | Create | Villager (Male) |
| 23:58 | Create | Camel Archer |
| 24:12 | Create | Camel Archer |
| 24:13 | Create | Villager (Male) |
| 24:28 | Create | Camel Archer |
| 24:36 | Create | Villager (Male) |
| 25:00 | Build | University |
| 25:01 | Build | House |
| 25:02 | Build | House |
| 25:04 | Build | House |
| 25:05 | Create | Villager (Male) |
| 25:14 | Create | Villager (Male) |
| 25:32 | Create | Villager (Male) |
| 25:38 | Create | Demolition Raft |
| 25:53 | Create | Camel Archer |
| 25:56 | Create | Villager (Male) |
| 26:04 | Build | Town Center |
| 26:05 | Create | Villager (Male) |
| 26:09 | Build | Farm |
| 26:10 | Build | Farm |
| 26:10 | Build | Farm |
| 26:10 | Build | Farm |
| 26:10 | Build | Farm |
| 26:11 | Build | Farm |
| 26:11 | Build | Farm |
| 26:13 | Create | Villager (Male) |
| 26:16 | Create | Villager (Male) |
| 26:24 | Build | House |
| 26:31 | Create | Camel Archer |
| 26:37 | Create | Battering Ram |
| 26:37 | Create | Battering Ram |
| 26:40 | Create | Villager (Male) |
| 26:48 | Create | Villager (Male) |
| 26:59 | Create | Villager (Male) |
| 27:17 | Create | Villager (Male) |
| 27:30 | Build | Farm |
| 27:31 | Build | Farm |
| 27:31 | Build | Farm |
| 27:31 | Build | Farm |
| 27:31 | Build | Farm |
| 27:32 | Build | Farm |
| 27:33 | Create | Villager (Male) |
| 27:36 | Research | Leather Archer Armor |
Build order — edengr7
First 150 of 342 actions detected
| 0:14 | Build | Town Center |
| 0:47 | Build | Dock |
| 0:53 | Build | Palisade Wall |
| 1:03 | Build | House |
| 2:41 | Create | Villager (Male) |
| 2:41 | Create | Villager (Male) |
| 2:42 | Create | Villager (Male) |
| 2:42 | Create | Villager (Male) |
| 2:54 | Build | House |
| 3:56 | Create | Villager (Male) |
| 3:57 | Create | Villager (Male) |
| 4:03 | Create | Fishing Ship |
| 4:03 | Create | Fishing Ship |
| 4:53 | Create | Villager (Male) |
| 4:53 | Create | Villager (Male) |
| 5:07 | Create | Fishing Ship |
| 5:08 | Create | Fishing Ship |
| 5:21 | Create | Villager (Male) |
| 5:21 | Create | Villager (Male) |
| 5:51 | Create | Villager (Male) |
| 5:57 | Create | Fishing Ship |
| 5:58 | Create | Fishing Ship |
| 6:21 | Build | House |
| 6:31 | Research | Loom |
| 6:32 | Research | Loom |
| 6:40 | Create | Villager (Male) |
| 6:41 | Create | Villager (Male) |
| 6:46 | Create | Fishing Ship |
| 6:46 | Create | Fishing Ship |
| 6:50 | Create | Villager (Male) |
| 6:50 | Create | Villager (Male) |
| 7:27 | Create | Villager (Male) |
| 7:28 | Create | Villager (Male) |
| 7:31 | Create | Fishing Ship |
| 7:31 | Create | Fishing Ship |
| 7:31 | Create | Villager (Male) |
| 7:33 | Build | House |
| 8:02 | Create | Villager (Male) |
| 8:03 | Create | Villager (Male) |
| 8:11 | Create | Villager (Male) |
| 8:11 | Create | Villager (Male) |
| 8:13 | Create | Villager (Male) |
| 8:14 | Create | Villager (Male) |
| 8:14 | Create | Villager (Male) |
| 8:25 | Create | Villager (Male) |
| 8:26 | Create | Villager (Male) |
| 8:26 | Create | Villager (Male) |
| 8:34 | Create | Fishing Ship |
| 8:35 | Create | Fishing Ship |
| 8:39 | Create | Villager (Male) |
| 8:39 | Create | Villager (Male) |
| 8:42 | Create | Villager (Male) |
| 8:42 | Create | Villager (Male) |
| 8:51 | Create | Villager (Male) |
| 9:07 | Create | Villager (Male) |
| 9:17 | Build | House |
| 9:19 | Create | Villager (Male) |
| 9:19 | Create | Villager (Male) |
| 9:24 | Create | Fishing Ship |
| 9:24 | Create | Fishing Ship |
| 9:25 | Create | Villager (Male) |
| 9:25 | Create | Villager (Male) |
| 9:45 | Create | Villager (Male) |
| 9:48 | Create | Villager (Male) |
| 9:52 | Create | Villager (Male) |
| 10:01 | Build | Dock |
| 10:03 | Create | Villager (Male) |
| 10:03 | Create | Villager (Male) |
| 10:07 | Create | Villager (Male) |
| 10:07 | Create | Villager (Male) |
| 10:10 | Create | Fishing Ship |
| 10:10 | Create | Fishing Ship |
| 10:11 | Create | Villager (Male) |
| 10:11 | Create | Villager (Male) |
| 10:12 | Create | Villager (Male) |
| 10:14 | Create | Villager (Male) |
| 10:22 | Create | Villager (Male) |
| 10:23 | Create | Villager (Male) |
| 10:34 | Build | House |
| 10:34 | Create | Villager (Male) |
| 10:37 | Create | Villager (Male) |
| 10:43 | Create | Fishing Ship |
| 10:43 | Create | Fishing Ship |
| 10:44 | Create | Villager (Male) |
| 10:49 | Create | Villager (Male) |
| 10:50 | Create | Villager (Male) |
| 11:05 | Build | Mill |
| 11:09 | Build | House |
| 11:16 | Create | Fishing Ship |
| 11:16 | Create | Fishing Ship |
| 11:31 | Create | Villager (Male) |
| 11:31 | Create | Villager (Male) |
| 11:32 | Create | Villager (Male) |
| 11:34 | Create | Villager (Male) |
| 11:41 | Create | Villager (Male) |
| 11:41 | Create | Villager (Male) |
| 11:45 | Build | House |
| 11:46 | Create | Fishing Ship |
| 11:46 | Create | Fishing Ship |
| 11:50 | Create | Villager (Male) |
| 11:55 | Create | Villager (Male) |
| 11:55 | Create | Villager (Male) |
| 11:57 | Create | Villager (Male) |
| 12:03 | Create | Villager (Male) |
| 12:04 | Create | Villager (Male) |
| 12:06 | Create | Fishing Ship |
| 12:07 | Create | Fishing Ship |
| 12:17 | Create | Villager (Male) |
| 12:17 | Create | Villager (Male) |
| 12:19 | Create | Villager (Male) |
| 12:22 | Build | Lumber Camp |
| 12:30 | Create | Villager (Male) |
| 12:34 | Create | Fishing Ship |
| 12:34 | Create | Fishing Ship |
| 12:35 | Create | Villager (Male) |
| 12:36 | Create | Villager (Male) |
| 12:40 | Create | Villager (Male) |
| 12:40 | Create | Villager (Male) |
| 12:47 | Create | Villager (Male) |
| 13:04 | Build | House |
| 13:07 | Build | House |
| 13:08 | Create | Villager (Male) |
| 13:10 | Create | Villager (Male) |
| 13:13 | Create | Villager (Male) |
| 13:30 | Build | Mining Camp |
| 13:31 | Create | Villager (Male) |
| 13:32 | Create | Villager (Male) |
| 13:33 | Create | Villager (Male) |
| 13:38 | Create | Villager (Male) |
| 13:39 | Create | Fishing Ship |
| 13:39 | Create | Fishing Ship |
| 13:39 | Create | Fishing Ship |
| 13:46 | Create | Villager (Male) |
| 13:46 | Create | Villager (Male) |
| 13:49 | Research | Feudal Age |
| 13:49 | Research | Feudal Age |
| 14:12 | Build | Lumber Camp |
| 14:38 | Create | Fishing Ship |
| 14:39 | Create | Fishing Ship |
| 14:48 | Build | Dock |
| 14:52 | Create | Villager (Male) |
| 14:52 | Create | Villager (Male) |
| 14:54 | Create | Villager (Male) |
| 14:56 | Create | Villager (Male) |
| 14:59 | Create | Villager (Male) |
| 15:03 | Create | Villager (Male) |
| 15:03 | Create | Villager (Male) |
| 15:06 | Create | Villager (Male) |
| 15:06 | Create | Villager (Male) |
| 15:09 | Create | Villager (Male) |
Build order — DKT | Juan Manco II
First 150 of 406 actions detected
| 0:11 | Build | Town Center |
| 2:32 | Create | Villager (Male) |
| 2:32 | Create | Villager (Male) |
| 2:32 | Create | Villager (Male) |
| 2:33 | Create | Villager (Male) |
| 2:38 | Build | House |
| 2:43 | Build | Dock |
| 3:40 | Research | Loom |
| 4:06 | Build | House |
| 4:09 | Create | Villager (Male) |
| 5:06 | Build | Dock |
| 5:41 | Create | Villager (Male) |
| 5:48 | Create | Fishing Ship |
| 6:10 | Create | Fishing Ship |
| 6:24 | Create | Villager (Male) |
| 6:24 | Create | Villager (Male) |
| 7:00 | Create | Villager (Male) |
| 7:09 | Build | House |
| 7:24 | Create | Villager (Male) |
| 7:24 | Create | Villager (Male) |
| 7:42 | Create | Fishing Ship |
| 7:46 | Create | Villager (Male) |
| 8:08 | Create | Villager (Male) |
| 8:17 | Create | Fishing Ship |
| 8:22 | Create | Villager (Male) |
| 8:35 | Build | House |
| 8:55 | Create | Villager (Male) |
| 9:02 | Create | Fishing Ship |
| 9:03 | Create | Villager (Male) |
| 9:04 | Create | Villager (Male) |
| 9:28 | Create | Villager (Male) |
| 9:32 | Create | Fishing Ship |
| 9:59 | Build | House |
| 10:00 | Create | Villager (Male) |
| 10:28 | Create | Villager (Male) |
| 10:32 | Create | Fishing Ship |
| 10:50 | Create | Villager (Male) |
| 10:58 | Create | Fishing Ship |
| 11:25 | Create | Villager (Male) |
| 11:37 | Build | Lumber Camp |
| 11:50 | Create | Villager (Male) |
| 11:50 | Create | Villager (Male) |
| 12:17 | Build | Mining Camp |
| 12:20 | Research | Feudal Age |
| 12:20 | Research | Feudal Age |
| 12:31 | Research | Feudal Age |
| 12:41 | Build | House |
| 12:46 | Create | Fishing Ship |
| 13:16 | Create | Fishing Ship |
| 13:36 | Create | Villager (Male) |
| 13:36 | Create | Villager (Male) |
| 13:45 | Build | Mill |
| 14:12 | Create | Fishing Ship |
| 14:41 | Age | Feudal Age |
| 14:41 | Research | Double-Bit Axe |
| 15:06 | Build | Blacksmith |
| 15:08 | Create | Villager (Male) |
| 15:09 | Create | Villager (Male) |
| 15:35 | Build | House |
| 15:57 | Build | Barracks |
| 16:05 | Build | House |
| 16:15 | Create | Villager (Male) |
| 16:44 | Build | Stable |
| 17:24 | Build | Dock |
| 17:28 | Research | Castle Age |
| 17:31 | Research | Fletching |
| 17:36 | Create | Galley |
| 17:36 | Create | Galley |
| 18:02 | Create | Galley |
| 18:08 | Create | Galley |
| 18:08 | Create | Galley |
| 18:12 | Build | House |
| 18:28 | Research | Bloodlines |
| 18:29 | Research | Scale Barding Armor |
| 18:30 | Research | Scale Barding Armor |
| 18:38 | Create | Galley |
| 19:05 | Create | Galley |
| 19:10 | Build | House |
| 19:19 | Create | Villager (Male) |
| 19:21 | Research | Horse Collar |
| 19:28 | Create | Galley |
| 19:45 | Build | Dock |
| 20:01 | Create | Galley |
| 20:04 | Create | Galley |
| 20:08 | Age | Castle Age |
| 20:19 | Create | Knight |
| 20:19 | Create | Knight |
| 20:21 | Create | Villager (Male) |
| 20:31 | Create | Villager (Male) |
| 20:33 | Research | Gold Mining |
| 20:47 | Research | War Galley (upgrade) |
| 21:02 | Research | Wheelbarrow |
| 21:05 | Research | Husbandry |
| 21:24 | Research | Gold Shaft Mining |
| 21:24 | Research | Gold Shaft Mining |
| 22:03 | Create | Villager (Male) |
| 22:07 | Build | Town Center |
| 22:19 | Create | Knight |
| 22:19 | Create | Knight |
| 22:34 | Research | Chain Barding Armor |
| 22:52 | Create | Villager (Male) |
| 22:56 | Build | House |
| 23:02 | Create | Fishing Ship ×4 |
| 23:07 | Build | House |
| 23:07 | Build | House |
| 23:17 | Create | Villager (Male) |
| 23:19 | Create | Villager (Male) |
| 23:21 | Create | Villager (Male) |
| 23:35 | Create | Knight |
| 23:35 | Create | Knight |
| 24:00 | Build | House |
| 24:01 | Build | House |
| 24:01 | Build | House |
| 24:02 | Create | Fishing Ship ×4 |
| 24:28 | Create | Knight |
| 24:49 | Create | Knight |
| 24:57 | Create | Villager (Male) |
| 24:57 | Create | Villager (Male) |
| 24:58 | Create | Villager (Male) |
| 24:58 | Create | Villager (Male) |
| 25:00 | Build | Farm |
| 25:01 | Build | Farm |
| 25:02 | Build | Farm |
| 25:04 | Build | Farm |
| 25:04 | Build | Farm |
| 25:06 | Build | Farm |
| 25:06 | Build | Farm |
| 25:07 | Create | Villager (Male) |
| 25:08 | Create | Villager (Male) |
| 25:31 | Create | Knight |
| 25:31 | Create | Knight |
| 25:45 | Create | Galley ×4 |
| 25:50 | Build | House |
| 25:50 | Build | House |
| 26:26 | Research | Hand Cart |
| 26:36 | Create | Villager (Male) |
| 26:45 | Create | Villager (Male) |
| 26:48 | Build | Lumber Camp |
| 26:55 | Build | Dock |
| 27:16 | Create | Knight |
| 27:17 | Create | Knight |
| 27:18 | Create | Villager (Male) |
| 27:21 | Build | Farm |
| 27:22 | Build | Farm |
| 27:23 | Build | Farm |
| 27:24 | Create | Villager (Male) |
| 27:25 | Create | Villager (Male) |
| 27:26 | Create | Villager (Male) |
| 27:49 | Build | House |
| 27:49 | Build | House |
Build order — Twice In A Legal Minute
First 150 of 273 actions detected
| 0:50 | Build | Town Center |
| 1:49 | Build | Dock |
| 3:10 | Research | Loom |
| 3:40 | Build | Palisade Wall |
| 4:22 | Create | Villager (Male) |
| 4:22 | Create | Villager (Male) |
| 4:33 | Create | Fishing Ship |
| 4:59 | Create | Villager (Male) |
| 4:59 | Create | Villager (Male) |
| 5:25 | Build | House |
| 5:31 | Create | Villager (Male) |
| 5:32 | Create | Villager (Male) |
| 6:06 | Create | Villager (Male) |
| 6:07 | Create | Villager (Male) |
| 6:09 | Create | Fishing Ship |
| 6:45 | Create | Villager (Male) |
| 6:46 | Create | Villager (Male) |
| 7:12 | Create | Villager (Male) |
| 7:12 | Create | Villager (Male) |
| 7:19 | Create | Fishing Ship |
| 7:30 | Create | Villager (Male) |
| 7:30 | Create | Villager (Male) |
| 7:48 | Create | Villager (Male) |
| 7:48 | Create | Villager (Male) |
| 7:57 | Build | House |
| 8:23 | Create | Villager (Male) |
| 8:23 | Create | Villager (Male) |
| 8:35 | Create | Fishing Ship |
| 8:52 | Create | Villager (Male) |
| 8:53 | Create | Villager (Male) |
| 9:09 | Create | Fishing Ship |
| 9:31 | Create | Villager (Male) |
| 9:36 | Build | House |
| 9:48 | Create | Villager (Male) |
| 10:14 | Create | Villager (Male) |
| 10:37 | Create | Fishing Ship |
| 10:51 | Build | House |
| 11:00 | Build | Palisade Wall |
| 11:02 | Create | Villager (Male) |
| 11:02 | Create | Villager (Male) |
| 11:08 | Build | House |
| 11:15 | Create | Villager (Male) |
| 11:21 | Build | Lumber Camp |
| 11:37 | Create | Villager (Male) |
| 11:46 | Create | Villager (Male) |
| 12:04 | Research | Feudal Age |
| 12:19 | Build | Mining Camp |
| 13:19 | Create | Fishing Ship |
| 13:57 | Build | Dock |
| 14:01 | Create | Villager (Male) |
| 14:12 | Create | Villager (Male) |
| 14:20 | Age | Feudal Age |
| 14:23 | Create | Galley |
| 14:23 | Create | Galley |
| 14:27 | Create | Villager (Male) |
| 14:30 | Research | Double-Bit Axe |
| 14:40 | Create | Villager (Male) |
| 14:51 | Create | Villager (Male) |
| 15:05 | Create | Galley |
| 15:10 | Create | Villager (Male) |
| 15:16 | Build | House |
| 15:53 | Create | Villager (Male) |
| 16:06 | Create | Galley |
| 16:14 | Create | Villager (Male) |
| 16:19 | Build | Blacksmith |
| 16:21 | Create | Villager (Male) |
| 16:38 | Build | Mill |
| 17:00 | Create | Galley |
| 17:00 | Create | Galley |
| 17:05 | Research | Fletching |
| 17:11 | Build | House |
| 17:14 | Create | Villager (Male) |
| 17:19 | Create | Villager (Male) |
| 17:47 | Create | Galley |
| 17:47 | Create | Galley |
| 17:54 | Build | House |
| 18:50 | Build | House |
| 19:06 | Build | Market |
| 19:38 | Create | Galley |
| 19:39 | Create | Galley |
| 19:57 | Build | House |
| 20:03 | Create | Villager (Male) |
| 20:54 | Build | Dock |
| 21:08 | Research | Castle Age |
| 21:16 | Build | Palisade Gate |
| 21:18 | Build | House |
| 21:42 | Create | Demolition Raft |
| 21:50 | Create | Galley |
| 21:50 | Create | Galley |
| 22:04 | Build | House |
| 22:21 | Build | House |
| 22:30 | Build | Mining Camp |
| 22:45 | Build | Mining Camp |
| 22:57 | Build | Farm |
| 23:00 | Research | Horse Collar |
| 23:48 | Age | Castle Age |
| 23:50 | Research | Bodkin Arrow |
| 23:57 | Build | Siege Workshop |
| 24:17 | Build | House |
| 24:24 | Build | Gate |
| 24:38 | Build | Barracks |
| 24:53 | Build | Farm |
| 25:07 | Create | Villager (Male) |
| 25:07 | Create | Villager (Male) |
| 25:32 | Build | Farm |
| 25:35 | Research | Scale Mail Armor |
| 25:39 | Build | House |
| 25:46 | Build | Town Center |
| 25:52 | Build | Farm |
| 25:55 | Build | Lumber Camp |
| 25:58 | Create | Fire Lancer |
| 25:58 | Create | Fire Lancer |
| 26:20 | Research | Forging |
| 26:23 | Create | Fire Lancer |
| 26:23 | Create | Fire Lancer |
| 26:46 | Build | Watch Tower |
| 26:52 | Create | Fire Lancer |
| 27:07 | Create | Battering Ram |
| 27:15 | Build | Farm |
| 27:28 | Build | Farm |
| 27:45 | Build | Stone Wall |
| 28:00 | Build | Farm |
| 28:07 | Create | Villager (Male) |
| 28:08 | Create | Villager (Male) |
| 28:08 | Create | Villager (Male) |
| 28:28 | Create | Fire Lancer |
| 28:28 | Create | Fire Lancer |
| 28:45 | Build | Blacksmith |
| 29:25 | Create | Villager (Male) |
| 29:28 | Research | Forging |
| 29:45 | Create | Fire Lancer |
| 29:46 | Create | Fire Lancer |
| 30:27 | Create | Villager (Male) |
| 30:28 | Create | Villager (Male) |
| 31:21 | Research | Chain Mail Armor |
| 31:29 | Research | War Galley (upgrade) |
| 31:52 | Build | Farm |
| 31:54 | Build | Farm |
| 31:58 | Build | Lumber Camp |
| 32:06 | Create | Villager (Male) |
| 32:06 | Create | Villager (Male) |
| 32:15 | Create | Villager (Male) |
| 32:16 | Create | Villager (Male) |
| 32:31 | Create | Scorpion |
| 33:07 | Create | Fire Lancer |
| 33:07 | Create | Fire Lancer |
| 33:09 | Create | Villager (Male) |
| 33:12 | Create | Villager (Male) |
| 33:15 | Research | Bow Saw |
| 33:27 | Build | Outpost |
Build order — iann254
First 150 of 191 actions detected
| 0:06 | Build | Town Center |
| 1:12 | Build | Dock |
| 1:20 | Build | House |
| 2:32 | Create | Villager (Male) ×4 |
| 3:33 | Create | Fishing Ship |
| 4:19 | Create | Villager (Male) |
| 4:30 | Build | House |
| 4:38 | Research | Loom |
| 4:53 | Create | Villager (Male) |
| 5:00 | Build | House |
| 5:05 | Build | Palisade Wall |
| 5:18 | Create | Villager (Male) |
| 5:31 | Create | Fishing Ship |
| 5:32 | Create | Fishing Ship |
| 5:32 | Create | Fishing Ship |
| 5:51 | Create | Villager (Male) |
| 6:09 | Create | Fishing Ship |
| 6:11 | Create | Villager (Male) |
| 6:46 | Build | House |
| 6:55 | Create | Villager (Male) |
| 6:56 | Create | Fishing Ship |
| 7:18 | Create | Fishing Ship |
| 7:31 | Build | House |
| 7:38 | Create | Villager (Male) |
| 7:47 | Create | Villager (Male) ×2 |
| 8:08 | Create | Villager (Male) |
| 8:13 | Create | Villager (Male) |
| 8:28 | Create | Fishing Ship |
| 8:30 | Create | Villager (Male) |
| 8:45 | Create | Villager (Male) |
| 8:52 | Build | Mill |
| 9:07 | Create | Fishing Ship |
| 9:17 | Create | Villager (Male) |
| 9:35 | Build | House |
| 9:43 | Build | Palisade Gate |
| 9:52 | Create | Villager (Male) ×3 |
| 9:58 | Build | House |
| 10:12 | Create | Villager (Male) ×4 |
| 11:14 | Build | Dock |
| 11:23 | Research | Feudal Age |
| 11:55 | Build | Mining Camp |
| 12:07 | Build | Outpost |
| 12:34 | Create | Villager (Male) |
| 12:34 | Create | Villager (Male) |
| 12:34 | Create | Villager (Male) |
| 12:48 | Build | Mining Camp |
| 13:11 | Build | Palisade Wall |
| 13:17 | Build | Palisade Wall |
| 13:24 | Build | Palisade Wall |
| 13:27 | Build | Palisade Wall |
| 13:33 | Age | Feudal Age |
| 13:50 | Build | Market |
| 13:55 | Build | Palisade Wall |
| 13:59 | Build | Palisade Wall |
| 14:06 | Create | Villager (Male) |
| 14:40 | Build | Blacksmith |
| 14:44 | Build | Palisade Wall |
| 15:15 | Research | Castle Age |
| 15:24 | Create | Galley |
| 15:24 | Create | Galley |
| 15:27 | Create | Galley |
| 15:51 | Build | Outpost |
| 16:09 | Build | Lumber Camp |
| 17:29 | Create | Galley |
| 17:37 | Research | Fletching |
| 17:48 | Create | Galley |
| 17:49 | Create | Galley |
| 17:55 | Age | Castle Age |
| 18:02 | Build | Castle |
| 18:11 | Build | Castle |
| 18:59 | Research | Bodkin Arrow |
| 19:04 | Create | Galley ×2 |
| 19:36 | Build | Lumber Camp |
| 20:17 | Create | Villager (Male) ×5 |
| 20:29 | Build | Siege Workshop |
| 20:34 | Create | Villager (Male) ×4 |
| 21:15 | Build | Town Center |
| 22:45 | Build | Town Center |
| 23:09 | Build | Lumber Camp |
| 23:14 | Build | Mining Camp |
| 23:29 | Build | Mining Camp |
| 23:32 | Create | Villager (Male) |
| 23:58 | Build | Outpost |
| 23:59 | Build | Outpost |
| 24:29 | Create | Fishing Ship |
| 24:33 | Create | Fishing Ship |
| 24:33 | Create | Fishing Ship |
| 24:35 | Create | Villager (Male) |
| 24:55 | Build | Outpost |
| 25:11 | Create | Villager (Male) |
| 25:17 | Build | Farm |
| 25:18 | Build | Farm |
| 25:19 | Build | Farm |
| 26:14 | Build | Castle |
| 26:38 | Build | Farm |
| 26:39 | Build | Farm |
| 26:40 | Build | Farm |
| 26:45 | Build | Farm |
| 26:46 | Build | Farm |
| 26:47 | Build | Farm |
| 26:51 | Create | Villager (Male) |
| 27:25 | Build | Outpost |
| 27:36 | Create | Villager (Male) ×2 |
| 27:51 | Build | Town Center |
| 27:52 | Create | Villager (Male) |
| 28:02 | Research | Double-Bit Axe |
| 28:27 | Build | House |
| 28:27 | Build | House |
| 28:29 | Create | Villager (Male) ×2 |
| 28:55 | Create | Villager (Male) ×2 |
| 29:22 | Create | Villager (Male) |
| 29:27 | Create | Mangonel |
| 29:47 | Create | Villager (Male) |
| 30:10 | Create | Villager (Male) ×3 |
| 30:40 | Build | Dock |
| 30:44 | Create | Fishing Ship ×5 |
| 31:00 | Create | Mangonel |
| 31:10 | Create | Villager (Male) ×4 |
| 32:44 | Create | Fishing Ship ×5 |
| 33:08 | Build | Farm |
| 33:08 | Build | Farm |
| 33:08 | Build | Farm |
| 33:08 | Build | Farm |
| 33:10 | Build | Farm |
| 33:10 | Build | Farm |
| 33:19 | Build | Castle |
| 33:20 | Build | Farm |
| 33:22 | Build | Farm |
| 33:23 | Build | Farm |
| 33:28 | Build | Farm |
| 33:48 | Research | Imperial Age |
| 33:49 | Research | Imperial Age |
| 33:59 | Build | Dock |
| 34:13 | Create | Mangonel |
| 34:17 | Create | Genoese Crossbowman |
| 34:51 | Create | Genoese Crossbowman ×2 |
| 35:12 | Create | Genoese Crossbowman |
| 35:39 | Build | Farm |
| 35:40 | Create | Genoese Crossbowman |
| 35:45 | Build | Farm |
| 35:51 | Build | Farm |
| 35:53 | Build | Farm |
| 35:58 | Build | Farm |
| 36:02 | Build | Farm |
| 36:04 | Create | Genoese Crossbowman ×2 |
| 36:17 | Research | Padded Archer Armor |
| 36:41 | Create | Fishing Ship ×2 |
| 36:48 | Create | Villager (Male) ×5 |
| 36:58 | Age | Imperial Age |
| 37:19 | Create | Trebuchet (Packed) |
Build order — nickneime
First 150 of 473 actions detected
| 0:40 | Build | Town Center |
| 1:36 | Build | Dock |
| 1:37 | Build | House |
| 3:06 | Create | Villager (Male) |
| 3:06 | Create | Villager (Male) |
| 3:07 | Create | Villager (Male) |
| 3:07 | Create | Villager (Male) |
| 3:07 | Create | Villager (Male) |
| 3:08 | Create | Villager (Male) |
| 3:10 | Create | Fishing Ship |
| 4:04 | Research | Loom |
| 4:40 | Create | Fishing Ship |
| 4:48 | Build | House |
| 5:00 | Create | Villager (Male) |
| 5:00 | Create | Villager (Male) |
| 5:01 | Create | Villager (Male) |
| 5:01 | Create | Villager (Male) |
| 5:44 | Create | Villager (Male) |
| 5:44 | Create | Villager (Male) |
| 5:48 | Create | Villager (Male) |
| 5:48 | Create | Villager (Male) |
| 6:16 | Create | Fishing Ship |
| 6:26 | Build | House |
| 6:27 | Create | Villager (Male) |
| 6:28 | Create | Villager (Male) |
| 7:00 | Build | Palisade Wall |
| 7:03 | Build | Palisade Wall |
| 7:08 | Create | Villager (Male) |
| 7:09 | Create | Villager (Male) |
| 7:09 | Create | Villager (Male) |
| 7:15 | Create | Villager (Male) |
| 7:16 | Create | Fishing Ship |
| 8:06 | Build | House |
| 8:08 | Create | Villager (Male) |
| 8:08 | Create | Villager (Male) |
| 8:08 | Create | Villager (Male) |
| 8:21 | Create | Fishing Ship |
| 8:27 | Build | House |
| 8:54 | Create | Villager (Male) |
| 8:54 | Create | Villager (Male) |
| 8:55 | Create | Fishing Ship |
| 9:04 | Build | House |
| 9:32 | Create | Villager (Male) |
| 9:33 | Create | Villager (Male) |
| 9:33 | Create | Villager (Male) |
| 9:35 | Build | House |
| 9:37 | Create | Fishing Ship |
| 10:02 | Create | Villager (Male) |
| 10:02 | Create | Villager (Male) |
| 10:02 | Create | Villager (Male) |
| 10:03 | Create | Villager (Male) |
| 10:03 | Create | Villager (Male) |
| 10:16 | Create | Villager (Male) |
| 10:17 | Create | Villager (Male) |
| 10:47 | Build | Mill |
| 10:54 | Create | Fishing Ship |
| 10:54 | Create | Fishing Ship |
| 11:04 | Build | Palisade Wall |
| 11:06 | Build | Palisade Wall |
| 11:50 | Create | Fishing Ship |
| 11:55 | Build | House |
| 11:56 | Build | Palisade Wall |
| 12:40 | Build | Mining Camp |
| 12:46 | Research | Feudal Age |
| 13:15 | Build | Barracks |
| 14:41 | Build | House |
| 14:57 | Build | Lumber Camp |
| 15:10 | Age | Feudal Age |
| 15:14 | Build | Stable |
| 15:30 | Build | Blacksmith |
| 15:32 | Create | Villager (Male) |
| 15:32 | Create | Villager (Male) |
| 15:54 | Build | Palisade Wall |
| 16:13 | Research | Double-Bit Axe |
| 16:20 | Research | Castle Age |
| 16:21 | Research | Castle Age |
| 16:30 | Build | Mining Camp |
| 16:58 | Build | Palisade Wall |
| 16:59 | Build | Palisade Wall |
| 17:11 | Create | Scout Cavalry |
| 17:12 | Create | Scout Cavalry |
| 18:18 | Create | Scout Cavalry |
| 18:39 | Create | Scout Cavalry |
| 18:41 | Research | Scale Barding Armor |
| 18:46 | Age | Castle Age |
| 18:48 | Create | Knight |
| 19:42 | Create | Villager (Male) |
| 19:43 | Create | Villager (Male) |
| 19:43 | Research | Wheelbarrow |
| 19:47 | Build | Town Center |
| 19:52 | Build | Town Center |
| 20:27 | Create | Knight |
| 20:27 | Create | Knight |
| 20:48 | Create | Villager (Male) |
| 20:52 | Build | Town Center |
| 20:56 | Create | Villager (Male) |
| 20:56 | Create | Villager (Male) |
| 20:57 | Create | Villager (Male) |
| 20:57 | Create | Villager (Male) |
| 20:59 | Research | Bow Saw |
| 21:10 | Create | Villager (Male) |
| 21:10 | Create | Villager (Male) |
| 21:10 | Create | Villager (Male) |
| 21:14 | Create | Villager (Male) |
| 21:15 | Create | Villager (Male) |
| 21:15 | Create | Villager (Male) |
| 21:30 | Create | Knight |
| 22:31 | Create | Villager (Male) |
| 22:31 | Create | Villager (Male) |
| 22:31 | Create | Villager (Male) |
| 22:44 | Build | Siege Workshop |
| 22:47 | Create | Knight |
| 22:47 | Create | Knight |
| 22:47 | Create | Knight |
| 23:12 | Create | Villager (Male) |
| 23:12 | Create | Villager (Male) |
| 23:13 | Create | Villager (Male) |
| 23:16 | Create | Mangonel |
| 23:40 | Create | Knight |
| 23:43 | Create | Villager (Male) |
| 23:43 | Create | Villager (Male) |
| 23:44 | Create | Villager (Male) |
| 23:52 | Build | Farm |
| 23:53 | Build | Farm |
| 23:54 | Build | Farm |
| 23:55 | Build | Farm |
| 23:56 | Build | Farm |
| 24:09 | Build | Mill |
| 24:38 | Create | Knight |
| 24:38 | Create | Knight |
| 25:05 | Create | Villager (Male) |
| 25:06 | Create | Villager (Male) |
| 25:10 | Create | Villager (Male) |
| 25:10 | Create | Villager (Male) |
| 25:16 | Build | House |
| 25:17 | Build | House |
| 25:43 | Create | Knight |
| 25:43 | Create | Knight |
| 26:17 | Create | Villager (Male) |
| 26:17 | Create | Villager (Male) |
| 26:18 | Create | Villager (Male) |
| 26:18 | Create | Villager (Male) |
| 26:18 | Create | Villager (Male) |
| 26:19 | Create | Villager (Male) |
| 26:22 | Research | Gold Mining |
| 26:22 | Research | Stone Mining |
| 26:24 | Create | Villager (Male) |
| 26:24 | Create | Villager (Male) |
| 26:49 | Create | Battering Ram |
| 26:58 | Create | Villager (Male) |
Match timeline
| 0:47 | edengr7 · first_building Dock |
| 0:53 | edengr7 · wall_segment Palisade Wall x1 |
| 0:59 | D==D.Trooper · first_building Dock |
| 1:12 | iann254 · first_building Dock |
| 1:15 | Biedersauce · first_building Dock |
| 1:36 | nickneime · first_building Dock |
| 1:39 | | ArCas | ArepaPower · first_building Dock |
| 1:49 | Twice In A Legal Minute · first_building Dock |
| 2:43 | DKT | Juan Manco II · first_building Dock |
| 3:40 | Twice In A Legal Minute · wall_segment Palisade Wall x1 |
| 5:05 | iann254 · wall_segment Palisade Wall x1 |
| 6:27 | D==D.Trooper · wall_segment Palisade Wall x1 |
| 7:00 | nickneime · wall_segment Palisade Wall x1 |
| 7:03 | nickneime · wall_segment Palisade Wall x1 |
| 9:21 | Biedersauce · wall_segment Palisade Wall x6 |
| 11:00 | Twice In A Legal Minute · wall_segment Palisade Wall x9 |
| 11:04 | nickneime · wall_segment Palisade Wall x3 |
| 11:06 | nickneime · wall_segment Palisade Wall x1 |
| 11:56 | nickneime · wall_segment Palisade Wall x1 |
| 12:21 | D==D.Trooper · age_up feudal |
| 13:11 | iann254 · wall_segment Palisade Wall x1 |
| 13:15 | nickneime · first_building Barracks |
| 13:17 | iann254 · wall_segment Palisade Wall x1 |
| 13:24 | iann254 · wall_segment Palisade Wall x1 |
| 13:24 | | ArCas | ArepaPower · age_up feudal |
| 13:27 | iann254 · wall_segment Palisade Wall x1 |
| 13:33 | iann254 · age_up feudal |
| 13:39 | Biedersauce · wall_segment Palisade Wall x5 |
| 13:55 | iann254 · wall_segment Palisade Wall x1 |
| 13:59 | iann254 · wall_segment Palisade Wall x4 |
| 14:01 | Biedersauce · wall_segment Palisade Wall x1 |
| 14:06 | Biedersauce · age_up feudal |
| 14:20 | Twice In A Legal Minute · age_up feudal |
| 14:34 | | ArCas | ArepaPower · first_market_sell 100 stone |
| 14:41 | DKT | Juan Manco II · age_up feudal |
| 14:44 | iann254 · wall_segment Palisade Wall x1 |
| 15:10 | nickneime · age_up feudal |
| 15:14 | iann254 · first_market_sell 100 food |
| 15:14 | nickneime · first_building Stable |
| 15:28 | edengr7 · first_building Barracks |
| 15:51 | D==D.Trooper · age_up castle |
| 15:54 | nickneime · wall_segment Palisade Wall x6 |
| 15:57 | DKT | Juan Manco II · first_building Barracks |
| 16:12 | edengr7 · age_up feudal |
| 16:30 | edengr7 · first_building Archery Range |
| 16:44 | DKT | Juan Manco II · first_building Stable |
| 16:58 | nickneime · wall_segment Palisade Wall x1 |
| 16:59 | nickneime · wall_segment Palisade Wall x1 |
| 17:10 | | ArCas | ArepaPower · wall_segment Palisade Wall x1 |
| 17:12 | | ArCas | ArepaPower · wall_segment Palisade Wall x1 |
| 17:19 | | ArCas | ArepaPower · age_up castle |
| 17:55 | iann254 · age_up castle |
| 17:58 | Biedersauce · first_building Barracks |
| 18:02 | iann254 · first_building Castle |
| 18:19 | | ArCas | ArepaPower · first_market_buy 100 stone |
| 18:38 | | ArCas | ArepaPower · first_building Castle |
| 18:46 | nickneime · age_up castle |
| 18:50 | Biedersauce · wall_segment Palisade Wall x8 |
| 18:55 | Biedersauce · wall_segment Palisade Wall x6 |
| 20:08 | DKT | Juan Manco II · age_up castle |
| 20:10 | edengr7 · age_up castle |
| 20:29 | iann254 · first_building Siege Workshop |
| 20:57 | Biedersauce · age_up castle |
| 21:56 | Biedersauce · first_building Castle |
| 22:24 | | ArCas | ArepaPower · first_building Siege Workshop |
| 22:44 | nickneime · first_building Siege Workshop |
| 23:09 | edengr7 · first_building Siege Workshop |
| 23:38 | D==D.Trooper · first_building Monastery |
| 23:48 | Twice In A Legal Minute · age_up castle |
| 23:57 | Twice In A Legal Minute · first_building Siege Workshop |
| 24:21 | Biedersauce · first_building Monastery |
| 24:38 | Twice In A Legal Minute · first_building Barracks |
| 25:00 | D==D.Trooper · first_building Castle |
| 25:04 | Biedersauce · first_building Siege Workshop |
| 26:42 | Twice In A Legal Minute · first_market_buy 100 wood |
| 27:36 | edengr7 · first_market_sell 100 food |
| 27:45 | Twice In A Legal Minute · wall_segment Stone Wall x2 |
| 28:53 | D==D.Trooper · first_building Barracks |
| 29:10 | nickneime · first_building Castle |
| 29:41 | Biedersauce · wall_segment Stone Wall x9 |
| 29:43 | Biedersauce · wall_segment Stone Wall x3 |
| 29:57 | Biedersauce · first_market_sell 100 wood |
| 30:17 | Biedersauce · first_building Archery Range |
| 30:17 | D==D.Trooper · first_building Stable |
| 30:19 | D==D.Trooper · first_building Archery Range |
| 30:24 | Biedersauce · wall_segment Stone Wall x9 |
| 30:33 | D==D.Trooper · first_building Siege Workshop |
| 31:13 | D==D.Trooper · tribute_sent a jugador 2 |
| 31:13 | D==D.Trooper · tribute_sent a jugador 3 |
| 31:13 | D==D.Trooper · tribute_sent a jugador 4 |
| 31:13 | D==D.Trooper · tribute_sent a jugador 5 |
| 31:13 | D==D.Trooper · tribute_sent a jugador 6 |
| 31:13 | D==D.Trooper · tribute_sent a jugador 7 |
| 31:13 | D==D.Trooper · tribute_sent a jugador 8 |
| 31:33 | Biedersauce · first_market_buy 100 food |
| 31:38 | nickneime · wall_segment Palisade Wall x13 |
| 32:13 | Biedersauce · wall_segment Stone Wall x8 |
| 32:26 | Biedersauce · wall_segment Stone Wall x1 |
| 32:31 | Biedersauce · wall_segment Stone Wall x1 |
| 32:47 | edengr7 · first_building Stable |
| 33:23 | | ArCas | ArepaPower · first_building Barracks |
| 33:35 | | ArCas | ArepaPower · wall_segment Stone Wall x3 |
| 33:44 | iann254 · first_market_buy 100 food |
| 34:11 | D==D.Trooper · first_market_sell 100 food |
| 34:26 | | ArCas | ArepaPower · first_building Stable |
| 35:13 | Biedersauce · age_up imperial |
| 35:16 | | ArCas | ArepaPower · wall_segment Stone Wall x6 |
| 35:22 | | ArCas | ArepaPower · wall_segment Stone Wall x9 |
| 36:04 | DKT | Juan Manco II · first_building Castle |
| 36:29 | | ArCas | ArepaPower · age_up imperial |
| 36:58 | iann254 · age_up imperial |
| 37:42 | D==D.Trooper · age_up imperial |
| 38:00 | nickneime · age_up imperial |
| 38:25 | edengr7 · resign |
| 41:30 | Twice In A Legal Minute · first_building Castle |
| 41:49 | DKT | Juan Manco II · age_up imperial |
| 42:17 | | ArCas | ArepaPower · wall_segment Stone Wall x11 |
| 43:54 | | ArCas | ArepaPower · wall_segment Stone Wall x6 |
| 44:20 | | ArCas | ArepaPower · first_building Archery Range |
[ AI ANALYSIS · 1 CREDIT ]
What really happened in this match?
Wolo.gg analyzes every decision: build order, eco, micro, common mistakes by bracket. Personalized analysis on WhatsApp or Discord in 30 seconds.
Civ guide
Koreans
Perfil
Jugador #3920195